 Dungeon Crawl Stone Soup version 0.28-a0-1213-g0243856f03 (webtiles) character file.

Game seed: 11818082825290847191

35 frimble the Grasshopper (level 3, 0/27 HPs)
             Began as a Demonspawn Warper on Dec 21, 2021.
             Succumbed to a goblin's poison
             ... on level 4 of the Dungeon.
             The game lasted 00:02:19 (2179 turns).

frimble the Grasshopper (Demonspawn Warper)         Turns: 2179, Time: 00:02:20

Health: 0/27       AC:  3    Str: 11    XL:     3   Next: 16%
Magic:  6/6        EV: 12    Int: 18    God:
Gold:   91         SH:  0    Dex: 12    Spells: 6/6 levels left

rFire   . . .      SeeInvis .   a - +0 falchion
rCold   . . .      Faith    .   (no shield)
rNeg    . . .      Spirit   .   b - +0 leather armour
rPois   .          Reflect  .   (helmet restricted)
rElec   .          Harm     .   (no cloak)
rCorr   .          Rampage  .   (no gloves)
Will    .....                   (no boots)
Stlth   +.........              (no amulet)
HPRegen 0.09/turn               (no ring)
MPRegen 0.10/turn               (no ring)

@: mighty, lethally poisoned (0 -> -11)
A: antennae 1, clever 1
a: no special abilities


You were on level 4 of the Dungeon.
You visited 1 branch of the dungeon, and saw 4 of its levels.

You collected 91 gold pieces.

Inventory:

Hand Weapons
 a - a +0 falchion (weapon)
Armour
 b - a +0 leather armour (worn)
 g - a +0 ring mail
Scrolls
 c - a scroll of blinking
Potions
 e - 2 potions of mutation


   Skills:
 - Level 2.0 Fighting
 + Level 2.7 Long Blades
 - Level 0.8 Throwing
 - Level 0.8 Armour
 - Level 2.4 Dodging
 - Level 2.0 Spellcasting
 - Level 2.7 Translocations


You had 6 spell levels left.
You didn't know any spells.
Your spell library contained the following spells:

 Spells                   Type           Power      Damage    Failure   Level
 Blink                    Tloc           22%        N/A       12%         2
 Gell's Gravitas          Tloc           11%        N/A       24%         3
 Lesser Beckoning         Tloc           11%        N/A       24%         3
 Teleport Other           Tloc           11%        N/A       24%         3
 Manifold Assault         Tloc           11%        N/A       91%         5


Dungeon Overview and Level Annotations

Branches:
Dungeon (4/15)
 Temple: D:4-7

Altars:

Annotations:
D:3 Robin


Innate Abilities, Weirdness & Mutations

You have a pair of small antennae on your head.
Your mind is acute. (Int +2)


Message History

Found a flail.
* * * LOW HITPOINT WARNING * * *
You feel sick.
The goblin no longer looks unusually strong.
The goblin hits you with a +0 dagger.
* * * LOW HITPOINT WARNING * * *
It was a potion of curing.
You feel better.
The hobgoblin no longer looks unusually strong.
The goblin hits you but does no damage.
You are poisoned.
The goblin hits you with a +0 club. The goblin barely misses you.
You feel sick. The goblin hits you but does no damage.
The goblin closely misses you.
Found 7 gold pieces and 19 stones.
You feel sick.
You feel sick.
You feel sick. The goblin hits you but does no damage.
There is a stone staircase leading down here.
You feel sick.
The hobgoblin no longer looks unusually strong.
Robin roars a battlecry!
The goblins go into a battle-frenzy!
The goblin hits you with a +0 club.
* * * LOW HITPOINT WARNING * * *
You climb downwards.
You feel sick.
You are no longer poisoned.
The kobold shouts!
The orc shouts!
You hear a shout!
Found 10 poisoned darts, 9 gold pieces and a leather armour.
Found a stone staircase leading down.
There is a stone staircase leading up here.
Found 24 stones.
Found a stone staircase leading up.
You feel better. The goblin barely misses you.
Found a stone staircase leading down.
The goblin hits you with a +1 dagger of venom.
* * * LOW HITPOINT WARNING * * *
You are lethally poisoned!
* * * LOW HITPOINT WARNING * * *
You feel very sick.
It was a potion of might.
You feel very mighty all of a sudden.
You die...

#..#.# #..#.# .#
#..#.# #.#
###..#<#####...#
..........#...#.
#.....# .$..>..
####g#..# ....o..
#.@g..K.##.......
#.##.##g###.#...#.#
#. #.#......#..[ ..
.......... ...
#......## ##


You could see 3 goblins and a kobold.

Vanquished Creatures
  An adder (D:2)
  2 bats
  2 giant cockroaches
  6 goblins
  A hobgoblin (D:2)
  2 quokkas (D:1)
  3 ball pythons
  A frilled lizard (D:2)
  3 kobolds
  3 rats (D:2)
24 creatures vanquished.

Notes
Turn   | Place    | Note
-------+----------+-------------------------------------------
     0 | D:1      | frimble the Demonspawn Warper began the quest for the Orb.
     0 | D:1      | Reached XP level 1. HP: 16/16 MP: 3/3
   681 | D:1      | Gained mutation: You have a pair of small antennae on your
                  | head. [demonic ancestry]
   681 | D:1      | Reached XP level 2. HP: 17/22 MP: 5/5
  1020 | D:1      | Found a faded altar of an unknown god.
  1375 | D:2      | Gained mutation: Your mind is acute. (Int +2) [potion of
                  | mutation]
  1375 | D:2      | Gained mutation: You are weak. (Str -2) [potion of
                  | mutation]
  1375 | D:2      | Lost mutation: You are weak. (Str -2) [potion of mutation]
  1390 | D:3      | Noticed Robin
  1903 | D:2      | Reached XP level 3. HP: 13/27 MP: 6/6
  2170 | D:4      | HP: 1/27 [poisoned by a goblin]
  2179 | D:4      | Succumbed to a goblin's poison

Illustrated notes

Levels and vault maps discovered:
D:1:      scummos_arrival_forest, layout_basic,
          ebering_ecumenical_altar_abandoned,
          nicolae_concentric_dashed_squares_mild
D:2:      layout_loops_ring, minmay_misc_feat_rows
D:3:      due_chaos_kobolds, layout_rooms, ebering_ghost_reflecting_pool,
          uniq_terence, uniq_robin
D:4:      layout_loops_ring, chequers_serial_rivers_micro_c

Skill      XL: |  1 |
---------------+----+-----
Long Blades    | 2 |  2.7
Dodging        | 2 |  2.4
Fighting       | |  2.0
Throwing       | |  0.8
Armour         | |  0.8
Spellcasting   | |  2.0
Translocations | |  2.7

Action                   || total
-------------------------++-------
Melee: Falchion          ||   102
Throw: Boomerang         ||     5
  Use: Potion            ||     5
       Scroll            ||     1
Armor: Leather armour    ||    35
Dodge: Dodged            ||    73

Table legend: (Time is in decaauts)
 A = Elapsed time spent in this place.
 B = Non-inter-level travel time spent in this place.
 C = Inter-level travel time spent in this place.
 D = Time resting spent in this place.
 E = Time spent auto-exploring this place.
 F = Levels seen in this place.
 G = Mean time per level.
                   A        B        C        D        E       F      G
               +--------+--------+--------+--------+--------+-----+--------+
         Total |   2209 |   2133 |     76 |    207 |   1640 |   4 |  552.2 |
       Dungeon |   2209 |   2133 |     76 |    207 |   1640 |   4 |  552.2 |
               +--------+--------+--------+--------+--------+-----+--------+

Top non-repeatable levels by time:
     D:1: 1202 daAuts
     D:2: 956 daAuts
     D:3: 43 daAuts
     D:4: 8 daAuts
